 Dungeon Crawl Stone Soup version 0.30-a0-782-ge64f9170bb (webtiles) character file.

Game seed: 12228936953648648895

565 mopl the Chopper (level 7, -1/50 HPs)
             Began as a Formicid Warper on Mar 13, 2023.
             Slain by an iguana (8 damage)
             ... on level 4 of the Dungeon.
             The game lasted 00:05:19 (2541 turns).

mopl the Chopper (Formicid Warper)                  Turns: 2541, Time: 00:05:20

Health: -1/50      AC:  4    Str: 16    XL:     7   Next: 58%
Magic:  11/11      EV: 11    Int: 14    God:
Gold:   64         SH:  0    Dex: 13    Spells: 7/12 levels left

rFire   . . .      SeeInvis +    a - +0 war axe
rCold   + . .      Faith    .    (no shield)
rNeg    . . .      Spirit   .    w - +0 leather armour {rC+}
rPois   .          Reflect  .    (helmet unavailable)
rElec   .          Harm     .    (no cloak)
rCorr   .          Rampage  .    A - +0 pair of gloves
Will    .....                    (no boots)
Stlth   +                        (no amulet)
HPRegen 0.28/turn                (no ring)
MPRegen 0.12/turn                (no ring)

@: no status effects
A: permanent stasis, dig shafts and tunnels, antennae 3, four strong arms
a: Dig, Shaft Self


You were on level 4 of the Dungeon.
You visited 1 branch of the dungeon, and saw 5 of its levels.

You collected 64 gold pieces.

Inventory:

Hand Weapons
 a - a +0 war axe (weapon)
Missiles
 d - 7 boomerangs of dispersal
 i - 6 boomerangs
 o - 13 poisoned darts (quivered)
 x - 3 datura-tipped darts
Armour
 w - a +0 leather armour of cold resistance (worn)
 A - a +0 pair of gloves (worn)
Wands
 q - a wand of paralysis (10)
 r - a wand of mindburst (5)
 s - a wand of roots (14)
Scrolls
 b - a scroll of fear {unknown}
 c - a scroll of blinking
 f - a scroll of acquirement {unknown}
 h - 2 scrolls of enchant armour {unknown}
 k - a scroll of poison {unknown}
 n - 2 scrolls of teleportation {unknown}
 t - a scroll of identify {unknown}
 u - a scroll of immolation {unknown}
 v - 2 scrolls of fog {unknown}
 y - a scroll of enchant weapon {unknown}
Potions
 e - 2 potions of brilliance {unknown}
 g - a potion of might {unknown}
 j - 3 potions of heal wounds {unknown}
 l - 3 potions of flight {unknown}
 m - 3 potions of curing
 p - a potion of berserk rage {unknown}
 z - a potion of attraction {unknown}


   Skills:
 - Level 2.1 Fighting
 * Level 6.2 Axes
 - Level 1.0 Throwing
 - Level 1.1 Armour
 - Level 1.7 Dodging
 - Level 3.0 Spellcasting
 + Level 4.7 Translocations


You had 7 spell levels left.
You knew the following spells:

 Your Spells              Type           Power      Damage    Failure   Level
a - Vhi's Electric Charg  Tloc/Air       16%        N/A       30%         3
b - Lesser Beckoning      Tloc           30%        N/A       6%          2

Your spell library contained the following spells:

 Spells                   Type           Power      Damage    Failure   Level
 Teleport Other           Tloc           15%        N/A       12%         3
 Manifold Assault         Tloc           15%        N/A       36%         4
 Passage of Golubria      Tloc           15%        N/A       36%         4
 Tukima's Dance           Hex            2%         N/A       61%         3
 Yara's Violent Unravell  Hex/Tmut       1%         3d3       100%        5
 Blink                    Tloc           Unusable   N/A       N/A         2

Dungeon Overview and Level Annotations

Branches:
Dungeon (5/15)
 Temple: D:4-7

Altars:
Wu Jian

Shops:
D:2 =   D:3 :

Annotations:
D:2 Sigmund


Innate Abilities, Weirdness & Mutations

You cannot be hasted, slowed, berserked, paralysed or teleported.
You can dig through walls and to a lower floor.
You have a pair of large antennae on your head. (SInv)
Your four strong arms can wield two-handed weapons with a shield.


Message History

You hit the adder.
You feel sick. The adder closely misses you.
The iguana bites you but does no damage.
The adder closely misses you.
You hit the iguana but do no damage.
The iguana is heavily wounded.
You closely miss the adder.
You feel sick.
You are no longer poisoned.
The adder bites you but does no damage.
The iguana bites you but does no damage.
You hit the iguana.
The iguana is severely wounded.
You closely miss the adder. The adder bites you but does no damage.
The iguana closely misses you. The adder bites you.
You hit the iguana but do no damage.
The iguana is severely wounded.
You hit the adder. The iguana misses you. The adder barely misses you.
You slash the adder!
You kill the adder!
You hit the iguana but do no damage. The iguana bites you!
The iguana barely misses you. The iguana bites you! The iguana bites you.
You hit the iguana but do no damage.
The iguana is severely wounded.
The iguana barely misses you.
You hit the iguana but do no damage.
The iguana is severely wounded.
The iguana bites you but does no damage.
You hit the iguana but do no damage.
The iguana is severely wounded.
The iguana bites you!
* * * LOW HITPOINT WARNING * * *
You closely miss the iguana.
The iguana is severely wounded.
The iguana bites you.
* * * LOW HITPOINT WARNING * * *
You hit the iguana.
The iguana is severely wounded.
The iguana closely misses you. The iguana bites you!
You die...

#......... #.)....... #.........
#......... #......... #.........
########......... #
###.....##..####### ##
######.@.........#
.#########.......l........##
...........##...>.......#..######
..............###................
.........##.............##.######
#####..#############....##)#.....
.# ################..##.....####
#########.##.....÷##.....##.##
###....#.#.#...P÷P##....###.#####


You could see an iguana.

Vanquished Creatures
  An ogre (D:4)
  A black bear (D:4)
  A scorpion (D:4)
  2 jellies (D:4)
  A hound (D:4)
  Ijyb (D:4)
  Jessica (D:3)
  An orc wizard (D:4)
  5 adders
  3 dart slugs
  14 orcs
  5 ball pythons
  12 bats
  17 endoplasms
  4 giant cockroaches
  8 goblins
  7 hobgoblins
  11 kobolds
  A quokka (D:1)
  A frilled lizard (D:1)
  8 rats
105 creatures vanquished.

Vanquished Creatures (others)
  2 fungi (D:4)
  7 toadstools (D:4)
9 creatures vanquished.

Grand Total: 114 creatures vanquished

Notes
Turn   | Place    | Note
-------+----------+-------------------------------------------
     0 | D:1      | mopl the Formicid Warper began the quest for the Orb.
     0 | D:1      | Reached XP level 1. HP: 16/16 MP: 3/3
   126 | D:1      | Reached XP level 2. HP: 8/22 MP: 5/5
   190 | D:1      | Learned a level 2 spell: Lesser Beckoning
   300 | D:1      | Reached XP level 3. HP: 24/27 MP: 6/6
   334 | D:1      | Reached skill level 3 in Translocations
   616 | D:2      | Reached skill level 3 in Axes
   628 | D:2      | Found Neph's Jewellery Boutique.
   634 | D:2      | Noticed Sigmund
   776 | D:2      | Reached XP level 4. HP: 30/33 MP: 8/8
   969 | D:3      | Found Icsetub's Book Boutique.
   969 | D:3      | Noticed Jessica
   982 | D:3      | Killed Jessica
   983 | D:3      | Reached skill level 3 in Spellcasting
  1091 | D:3      | Learned a level 3 spell: Vhi's Electric Charge
  1418 | D:3      | Reached XP level 5. HP: 16/38 MP: 9/9
  1536 | D:4      | Noticed Ijyb
  1538 | D:4      | Killed Ijyb
  1539 | D:4      | Reached skill level 4 in Axes
  1567 | D:4      | Noticed an ogre
  1574 | D:4      | Killed an ogre
  1575 | D:4      | Reached XP level 6. HP: 21/44 MP: 10/10
  1702 | D:4      | Noticed a black bear
  1707 | D:4      | Reached skill level 4 in Translocations
  1708 | D:4      | Killed a black bear
  1709 | D:4      | Reached skill level 5 in Axes
  1827 | D:4      | Reached XP level 7. HP: 45/50 MP: 11/11
  2124 | D:4      | Found an ornate altar of the Wu Jian Council.
  2228 | D:4      | Reached skill level 6 in Axes
  2515 | D:5      | Entered Level 5 of the Dungeon
  2541 | D:4      | Slain by an iguana

Illustrated notes

Levels and vault maps discovered:
D:1:      heliophobic_arrival_dark_side_of_the_moon, layout_basic
D:2:      layout_basic, serial_shops, nicolae_diamond_shop, uniq_robin,
          uniq_sigmund
D:3:      minmay_diamond_boxcup, layout_rooms, serial_shops,
          nicolae_shop_crystal, minmay_misc_feat_columns, uniq_jessica
D:4:      cheibrodos_fertilizer, layout_rooms,
          mainiacjoe_overflow_concentric_impassable,
          chequers_serial_rivers_marsh, uniq_ijyb
D:5:      layout_basic, minmay_fire_ice_demons

Skill      XL: |  1  2  3  4  5  6  7 |
---------------+----------------------+-----
Translocations | 3 4 |  4.7
Axes           | 3 4 5 6 |  6.2
Spellcasting   | 3 |  3.0
Fighting       | |  2.1
Throwing       | |  1.0
Armour         | |  1.1
Dodging        | |  1.7

Action                     |  1- 3 |  4- 6 |  7- 9 || total
---------------------------+-------+-------+-------++-------
  Melee: Hand axe          |   109 |    83 |     7 ||   199
         Punch             |     2 |       |       ||     2
         War axe           |       |       |    62 ||    62
  Throw: Dart              |       |     3 |       ||     3
  Evoke: Wand              |       |    10 |     1 ||    11
 Armour: Leather armour    |    44 |    24 |    18 ||    86
  Dodge: Dodged            |    93 |    50 |    60 ||   203

Table legend: (Time is in decaauts)
 A = Elapsed time spent in this place.
 B = Non-inter-level travel time spent in this place.
 C = Inter-level travel time spent in this place.
 D = Time resting spent in this place.
 E = Time spent auto-exploring this place.
 F = Levels seen in this place.
 G = Mean time per level.
                   A        B        C        D        E       F      G
               +--------+--------+--------+--------+--------+-----+--------+
         Total |   2583 |   2516 |     67 |    700 |   1099 |   5 |  516.6 |
       Dungeon |   2583 |   2516 |     67 |    700 |   1099 |   5 |  516.6 |
               +--------+--------+--------+--------+--------+-----+--------+

Top non-repeatable levels by time:
     D:4: 896 daAuts
     D:3: 858 daAuts
     D:1: 669 daAuts
     D:2: 147 daAuts
     D:5: 12 daAuts
